 Dungeon Crawl Stone Soup version 0.24-a0-475-g5b41c6f198 (webtiles) character file.

Game seed: 14355863545736350505

106 pk666 the Magician (level 4, -3/24 HPs)
             Began as a Deep Elf Wizard on July 5, 2019.
             Killed from afar by Ijyb (24 damage)
             ... with a bolt of acid
             ... on level 3 of the Dungeon.
             The game lasted 00:03:38 (2417 turns).

pk666 the Magician (Deep Elf Wizard)                Turns: 2417, Time: 00:03:39

Health: -3/24      AC:  2    Str:  4    XL:     4   Next: 55%
Magic:  0/13       EV: 13    Int: 24    God:
Gold:   86         SH:  0    Dex: 13    Spells: 4/13 levels left

rFire    . . .     SeeInvis .   c - +0 dagger
rCold    . . .     Gourm    .   (no shield)
rNeg     . . .     Faith    .   a - +0 robe
rPois    .         Spirit   .   b - +0 hat
rElec    .         Reflect  .   (no cloak)
rCorr    .         Harm     .   (no gloves)
MR       .....                  (no boots)
Stlth    ++........             (no amulet)
HPRegen  0.08/turn              (no ring)
MPRegen  0.13/turn              (no ring)

@: no status effects
A: no striking features
a: no special abilities


You were on level 3 of the Dungeon.
You were not hungry.

You visited 1 branch of the dungeon, and saw 3 of its levels.

You collected 86 gold pieces.

Inventory:

Hand Weapons
 c - a +0 dagger (weapon)
Armour
 a - a +0 robe (worn)
 b - a +0 hat (worn)
Jewellery
 n - an uncursed amulet of regeneration {unknown}
Scrolls
 e - a scroll of noise {unknown}
 f - 4 scrolls of identify {unknown}
 j - 2 scrolls of teleportation {unknown}
 k - a scroll of blinking {unknown}
 l - a scroll of remove curse {unknown}
 m - a scroll of amnesia {unknown}
Potions
 g - a potion of ambrosia {unknown}
 h - a potion of curing {unknown}
 i - a potion of degeneration {unknown}
 p - a potion of heal wounds {unknown}
Comestibles
 d - 4 rations


   Skills:
 - Level 3.1 Dodging
 - Level 2.4 Stealth
 + Level 5.2 Spellcasting
 + Level 2.5 Conjurations
   Level 1.1 Summonings
 + Level 1.6 Translocations
 + Level 1.1 Fire Magic
 + Level 1.1 Air Magic
 + Level 1.0 Poison Magic


You had 4 spell levels left.
You knew the following spells:

 Your Spells              Type           Power        Failure   Level  Hunger
a - Magic Dart            Conj           ###.         3%          1    None
b - Blink                 Tloc           N/A          7%          2    None
c - Conjure Flame         Conj/Fire      ###.....     12%         3    ##.....
d - Mephitic Cloud        Conj/Pois/Air  ##......     14%         3    ##.....

Your spell library contained the following spells:

 Spells                   Type           Power        Failure   Level  Hunger
 Call Imp                 Summ           ##......     9%          2    None
 Slow                     Hex            #.......     13%         2    None


Dungeon Overview and Level Annotations

Branches:
Dungeon (3/15)

Altars:
Trog

Annotations:
D:3 Ijyb


Message History

Casting: Magic Dart (safe; 3% risk of failure)
Confirm with . or Enter, or press ? or * to list all spells.
Aiming: Magic Dart (safe; 3% risk of failure)
Press: ? - help, Shift-Dir - straight line The magic dart hits Ijyb.
Ijyb is severely wounded.
Casting: Magic Dart (safe; 3% risk of failure)
Confirm with . or Enter, or press ? or * to list all spells.
You don't have enough magic to cast that spell.
You hit Ijyb but do no damage.
Ijyb is severely wounded.
You hit Ijyb but do no damage.
Ijyb is severely wounded.
Ijyb seems less confused.
Ijyb hits you with a +0 dagger.
You closely miss Ijyb.
Ijyb is severely wounded.
Ijyb screams, "Get away!"
Ijyb zaps a wand.
The bolt of acid hits you!!
Ouch! That really hurt!
You die...

......# .
##...#.##.
...###.........
.....!.#....#
#...# ###l# #○#
#g# #######@#
#.......#
#.#####.# . #.#
#.# .#
#.#####.###.#
#.#.........
#.#.#.....#
####....#...#
#.....#.##.##


You could see Ijyb and a frilled lizard.

Vanquished Creatures
  4 adders (D:2)
  An ooze (D:1)
  3 leopard geckos
  3 orcs (D:3)
  A ball python (D:1)
  9 bats
  3 giant cockroaches (D:2)
  12 goblins
  8 hobgoblins
  A jackal (D:2)
  A quokka (D:2)
  3 frilled lizards
  2 kobolds
  4 rats
55 creatures vanquished.

Notes
Turn   | Place    | Note
-------+----------+-------------------------------------------
     0 | D:1      | pk666 the Deep Elf Wizard began the quest for the Orb.
     0 | D:1      | Reached XP level 1. HP: 10/10 MP: 7/7
   352 | D:1      | Reached XP level 2. HP: 15/15 MP: 5/9
  1067 | D:2      | Reached XP level 3. HP: 19/19 MP: 8/11
  1071 | D:2      | Learned a level 2 spell: Blink
  1075 | D:2      | Learned a level 3 spell: Conjure Flame
  1079 | D:2      | Learned a level 3 spell: Mephitic Cloud
  1095 | D:2      | Reached skill level 5 in Spellcasting
  1312 | D:2      | Reached XP level 4. HP: 11/24 MP: 0/13
  1614 | D:2      | Reached skill level 1 in Fire Magic
  1955 | D:2      | Reached skill level 1 in Air Magic
  2192 | D:3      | Reached skill level 1 in Poison Magic
  2321 | D:3      | Found a bloodstained altar of Trog.
  2394 | D:3      | Noticed Ijyb
  2417 | D:3      | Killed from afar by Ijyb

Levels and vault maps discovered:
D:1:      dpeg_arrival_short_road, layout_basic, serial_bayou,
          serial_bayou_pond_c, serial_bayou_pond_c, serial_bayou_pond_a,
          serial_bayou_lagoon_a
D:2:      minmay_spotlight, layout_loops_ring, roderic_roman_lattice
D:3:      layout_loops_corners, lemuel_crystal_altar, ebering_ghost_sewer_f,
          minivault_24, uniq_terence, uniq_ijyb

Skill      XL: |  1  2  3  4 |
---------------+-------------+-----
Dodging        | 3 |  3.1
Conjurations   | 2 |  2.5
Spellcasting   | 5 |  5.2
Fire Magic     | 1 |  1.1
Air Magic      | 1 |  1.1
Poison Magic   | 1 |  1.0
Stealth        | |  2.4
Summonings     | |  1.1
Translocations | |  1.6

Action                   |  1- 3 |  4- 6 || total
-------------------------+-------+-------++-------
Melee: Dagger            |     7 |     3 ||    10
 Cast: Magic Dart        |    73 |    56 ||   129
       Conjure Flame     |       |     1 ||     1
       Mephitic Cloud    |       |     1 ||     1
  Eat: Chunk             |       |     4 ||     4
Armor: Robe              |     2 |       ||     2
Dodge: Dodged            |    10 |     6 ||    16

Table legend:
 A = Non-vault XP
 B = Vault XP
 C = Vault XP percentage of total XP
 D = Non-vault monster count
 E = Vault monster count
 F = Vault count percentage of total count
                 A         B        C        D         E       F
            +---------+---------+-------+---------+---------+-------
      Total |     105 |      47 |  30.9 |      48 |       7 |  12.7
            +---------+---------+-------+---------+---------+-------
        D:1 |      35 |       0 |   0.0 |      17 |       0 |   0.0
        D:2 |      56 |      47 |  45.6 |      25 |       7 |  21.9
        D:3 |      14 |       0 |   0.0 |       6 |       0 |   0.0
            +---------+---------+-------+---------+---------+-------
